 Dungeon Crawl Stone Soup version 0.21-a0-513-gdcb3f5e (webtiles) character file.

34 slep the Covered (level 3, 0/29 HPs)
             Began as a Demonspawn Fighter on Dec 2, 2017.
             Slain by a gnoll
             ... wielding a +0 halberd
              (5 damage)
             ... on level 2 of the Dungeon.
             The game lasted 00:02:16 (663 turns).

slep the Covered (Demonspawn Fighter)                Turns: 663, Time: 00:02:17

Health: 0/29       AC:  6    Str: 16    XL:     3   Next: 14%
Magic:  0/3        EV:  6    Int:  9    God:
Gold:   70         SH:  9    Dex: 13    Spells: 2/2 levels left

rFire    . . .     SeeInvis .   n - +0 hand axe
rCold    . . .     Gourm    .   c - +0 shield
rNeg     . . .     Faith    .   b - +0 scale mail
rPois    .         Spirit   +   (no helmet)
rElec    .         Reflect  .   (no cloak)
rCorr    .         Harm     .   (no gloves)
MR       .....     Rnd*Tele +   (no boots)
Stlth    ..........             m - amulet of guardian spirit
HPRegen  0.09/turn              o - ring of teleportation (curse)
MPRegen  0.08/turn              (no ring)

@: no status effects
A: demonic guardian 1
a: no special abilities


You were on level 2 of the Dungeon.
You were not hungry.

You visited 1 branch of the dungeon, and saw 2 of its levels.

You collected 70 gold pieces.

Inventory:

Hand Weapons
 i - a +0 club
 n - a +0 hand axe (weapon)
Armour
 b - a +0 scale mail (worn)
 c - a +0 shield (worn)
Jewellery
 m - an amulet of guardian spirit (around neck)
 o - a cursed ring of teleportation (left hand)
Scrolls
 e - a scroll of amnesia {unknown}
 h - a scroll of blinking {unknown}
 k - 2 scrolls of teleportation {unknown}
Potions
 a - a potion of flight {unknown}
 d - a potion of might
 g - 2 potions of degeneration {unknown}
Books
 p - a book of Misfortune

   Spells                             Type                      Level
   a - Confusing Touch                Hexes                        1
   b - Confuse                        Hexes                        3
   c - Gell's Gravitas                Translocation                3
   d - Petrify                        Transmutation/Earth          4
   e - Metabolic Englaciation         Hexes/Ice                    5
   f - Yara's Violent Unravelling     Hexes/Transmutation          5
Comestibles
 f - a bread ration
 j - 2 meat rations
 l - 4 fruits


   Skills:
 + Level 3.1 Fighting
   Level 1.7 Short Blades
 + Level 0.7 Maces & Flails
 + Level 3.3 Armour
 + Level 3.0 Shields


You had 2 spell levels left.
You didn't know any spells.

Dungeon Overview and Level Annotations

Branches:
Dungeon (2/15)

Altars:


Innate Abilities, Weirdness & Mutations

A weak demonic guardian rushes to your aid.


Message History

Put on which piece of jewellery? (? for menu, Esc to quit)
You feel slightly jumpy.
Oops, that ring feels deathly cold.
o - a cursed ring of teleportation (left hand)
Things that are here:
a dagger; 23 arrows; a rat corpse
There is an open door here.
You open the door.
A bat, a rat, 2 hobgoblins, a gnoll and a zombie come into view.
The hobgoblin shouts! x2; The gnoll shouts!
The bat hits you but does no damage. x2
Found four items.
You miss the bat. The bat hits you but does no damage.
The rat twitches its whiskers.
You completely miss the rat. The rat bites you but does no damage.
You block the gnoll's attack. The rat barely misses you.
The gnoll hits you from afar with a halberd!
* * * LOW HITPOINT WARNING * * *
You closely miss the rat. You block the rat's attack.
The gnoll hits you from afar with a halberd.
You die...

#####.####### #
#.......>..##.
######........
#.....###
#....##.##
#....#[..#
##.†..##)##
#..#'###5#
#.##.)##@#
#.#....'#rbg.#
#.#....##gg.(.#
#.##..## Z...)#
#..#### .(...#
##. #...## #
####


You could see a gnoll, a bat zombie, 2 hobgoblins, a bat, a rat and a friendly
quasit.

Vanquished Creatures
  An adder (D:2)
  A dart slug (D:1)
  A leopard gecko (D:1)
  3 giant cockroaches (D:1)
  3 goblins
  3 hobgoblins (D:1)
  6 kobolds
  3 rats
21 creatures vanquished.

Notes
Turn   | Place    | Note
-------+----------+-------------------------------------------
     0 | D:1      | slep the Demonspawn Fighter began the quest for the Orb.
     0 | D:1      | Reached XP level 1. HP: 18/18 MP: 1/1
   223 | D:1      | Gained mutation: A weak demonic guardian rushes to your aid. [demonic ancestry]
   223 | D:1      | Reached XP level 2. HP: 17/24 MP: 2/2
   646 | D:2      | Reached XP level 3. HP: 19/29 MP: 1/3
   663 | D:2      | Slain by a gnoll

Vault maps used:
D:1:      minmay_arrival_solitary_statue
D:2:      minmay_door_path, nicolae_tso_swordbearing_angel, lemuel_round_altar,
          minmay_joined_circles

Skill      XL: |  1  2 |
---------------+-------+-----
Armour         | 3 |  3.3
Shields        | 3 |  3.0
Fighting       | |  3.1
Short Blades   | |  1.7
Maces & Flails | |  0.7

Action                   || total
-------------------------++-------
Melee: Rapier            ||    17
       Club              ||    42
       Hand axe          ||    33
Armor: Scale mail        ||    41
Dodge: Dodged            ||    25
Block: Shield            ||    46

Table legend:
 A = Spawn XP
 B = Non-spawn XP
 C = Spawn XP percentage of total XP
 D = Spawn monster count
 E = Non-spawn monster count
 F = Spawn count percentage of total count
 G = Total turns spent on level
                    A         B        C        D         E        F      G
               +---------+---------+-------+---------+---------+-------+---------
         Total |       0 |      49 |   0.0 |       0 |      21 |   0.0 |   663
               +---------+---------+-------+---------+---------+-------+---------
           D:1 |       0 |      28 |   0.0 |       0 |      14 |   0.0 |   585
           D:2 |       0 |      21 |   0.0 |       0 |       7 |   0.0 |    78
               +---------+---------+-------+---------+---------+-------+---------
